Cogmind - Beta 16 @@@ ROGUE MODE // 2026.01.09 @ 09:13:34 Player: KSZ Result: Destroyed by Y-45 Defender with Heavy Assault Rifle Performance ------------- Evolutions (1) 500 Regions Visited (2) 400 Robots Destroyed (15) 75 Value Destroyed (304) 304 Prototype IDs (5) 100 Alien Tech Used (0) 0 Bonus (0) 0 TOTAL SCORE: 1379 Bonus ------- None Cogmind --------- Core Integrity 0/400 Matter 256/350 Energy 125/125 System Corruption 0% Temperature Cool (0) Movement Walking (190) Ox1 Location -9/Materials Parts ------- > --- POWER (1) -------- Light Ion Engine > --- PROPULSION (3) --- Aluminum Leg > --- UTILITY (3) ------ Medium Storage Unit Small Matter Pod > --- WEAPON (2) ------- Heavy Assault Rifle Grenade Launcher > --- INVENTORY (10) --- Light Ion Engine Light Nuclear Core Advanced Beam Cannon Light Assault Rifle Light Assault Rifle Light Assault Rifle Datajack Peak State ------------ > --- POWER ------------ Light Ion Engine > --- PROPULSION ------- Aluminum Leg Aluminum Leg > --- UTILITY ---------- Medium Storage Unit Light Armor Plating > --- WEAPON ----------- Advanced Beam Cannon Light Assault Rifle > --- INVENTORY -------- Light Nuclear Core Advanced Beam Cannon Light Assault Rifle Heavy Assault Rifle Grenade Launcher Datajack [Rating: 10] Favorites ----------- Power Ion Engine Engine Ion Engine Propulsion Aluminum Leg Leg Aluminum Leg Utility Medium Storage Unit Device Structural Scanner Storage Medium Storage Unit Protection Light Armor Plating Weapon Light Assault Rifle Energy Gun Medium Laser Energy Cannon Advanced Beam Cannon Ballistic Gun Light Assault Rifle Launcher Grenade Launcher Build | -11 -10 -9 ------- Run | Yrd Mat Mat Slots Evolved 2 | . . 2 Power . | . . . Propulsion 1 | . . 1 Utility 1 | . . 1 Weapon . | . . . Parts Attached 19 | 6 . 13 Power 3 | 1 . 2 Engine 3 | 1 . 2 Core . | . . . Reactor . | . . . Propulsion 5 | 2 . 3 Treads . | . . . Leg 5 | 2 . 3 Wheel . | . . . Hover . | . . . Flight . | . . . Utility 5 | 1 . 4 Device 1 | . . 1 Storage 3 | 1 . 2 Processor . | . . . Hackware . | . . . Protection 1 | . . 1 Artifact . | . . . Weapon 6 | 2 . 4 Energy Gun 1 | 1 . . Energy Cannon 1 | . . 1 Ballistic Gun 3 | 1 . 2 Ballistic Cannon . | . . . Launcher 1 | . . 1 Special Weapon . | . . . Impact Weapon . | . . . Slashing Weapon . | . . . Piercing Weapon . | . . . Special Melee Weapon . | . . . Unidentified Prototypes 1 | . . 1 Parts Lost 10 | . . 10 Power 1 | . . 1 Propulsion 4 | . . 4 Utility 2 | . . 2 Weapon 3 | . . 3 Highest Loss Streak 7 | . . 7 To Critical Strikes 1 | . . 1 Average Backups 4 | . 4 5 Power . | . . 1 Propulsion . | . . . Utility . | . . . Weapon 3 | . 2 3 Tool/Special . | . . . Unused Backups 5 | . . 5 Power 1 | . . 1 Propulsion . | . . . Utility . | . . . Weapon 3 | . . 3 Tool/Special 1 | . . 1 Average Slot Usage (%) 75 | . 85 69 Engine 11 | . 14 10 Leg 23 | . 28 20 Storage 12 | . 14 11 Protection 3 | . . 5 Energy Gun 6 | . 14 2 Energy Cannon 4 | . . 6 Ballistic Gun 12 | . 14 11 Peak Build Rating 10 | 6 6 10 Average Rating 7 | 4 6 8 On Entrance 4 | . 6 6 Avg Prop Armor Cover (%) . | . . . Naked Turns . | . . . Heaviest Build 21 | 13 13 21 Greatest Support 30 | 20 20 30 Greatest Overweight (x) 5 | 1 . 5 Average Overweight (x) . | . . . Largest Inventory Capacity 10 | 8 8 10 Average Capacity 9 | 7 8 9 Most Carried 7 | . 6 7 Average Carried 4 | . 4 5 Final Capacity 10 | 8 8 10 Final Carried 7 | . 6 7 Class Distribution -------------------- 58% | Mutant 41% | Scavenger-Mutant Dominant Class ---------------- Mutant | -10/Materials Scavenger-Mutant | -9/Materials Resources | -11 -10 -9 ----------- Run | Yrd Mat Mat Matter Collected 406 | 208 66 132 Remotely . | . . . Salvage Created 367 | . 115 252 Parts 30 | . 11 19 Haulers Intercepted . | . . . Recyclers Shooed . | . . . Parts Field Recycled . | . . . Retrieved Matter . | . . . Parts Self-Destructed . | . . . Prevented . | . . . Parts Restored . | . . . Kills | -11 -10 -9 ------- Run | Yrd Mat Mat Combat Hostiles Destroyed 15 | . 6 9 Guns 10 | . 6 4 Cannons 5 | . . 5 Classes Destroyed 3 | . 2 1 Swarmer 10 | . 5 5 Grunt 4 | . 1 3 Sentry 1 | . . 1 Best Kill Streak 3 | . 3 3 Combat Bots Only 3 | . 3 3 Max Kills in Single Turn 1 | . 1 1 Gunslinging . | . . . Exploded . | . . . Melee . | . . . Uniques/NPCs Destroyed . | . . . Combat | -11 -10 -9 -------- Run | Yrd Mat Mat Hostile Shots Fired 169 | . 21 148 Missed 37 | . 9 28 Hits 132 | . 12 120 Projectile 132 | . 12 120 Critical Strikes 2 | . . 2 Damage Taken 1433 | . 101 1332 Core 404 | . . 404 Absorbed by Shields . | . . . Core Remaining (%) 100 | 100 100 . Volleys Fired 59 | . 14 45 Largest 2 | . 2 2 Hottest 88 | . 70 88 Shots Fired 101 | . 28 73 Gun 84 | . 28 56 Cannon 16 | . . 16 Launcher 1 | . . 1 Special . | . . . Kinetic 57 | . 14 43 Thermal 43 | . 14 29 Explosive 1 | . . 1 Electromagnetic . | . . . Robot Hit Streak 11 | . 6 11 Robot Miss Streak 3 | . 3 3 Penetration Max . | . . . Secondary Targets 3 | . 2 1 Max Gunslinging Chain 1 | . 1 1 Shots Hit Robots 67 | . 15 52 Core Hits 25 | . 8 17 Critical Kills . | . . . Critical Parts Destroyed . | . . . Critical Strikes . | . . . Melee Attacks . | . . . Impact . | . . . Slashing . | . . . Piercing . | . . . Sneak Attacks . | . . . Combat Hostiles . | . . . Follow-up Attacks . | . . . Damage Inflicted 879 | . 164 715 Guns 595 | . 164 431 Cannons 265 | . . 265 Explosions 19 | . . 19 Melee . | . . . Ramming . | . . . Kinetic 343 | . 63 280 Thermal 517 | . 101 416 Explosive 19 | . . 19 Electromagnetic . | . . . Impact . | . . . Slashing . | . . . Piercing . | . . . Highest Corruption . | . . . Average Corruption . | . . . Corruption Purged . | . . . Corruption Blocked . | . . . Overload Shots . | . . . Overflow Damage . | . . . Projectiles . | . . . Explosions . | . . . Melee . | . . . Knockbacks . | . . . Impact . | . . . Kinetic . | . . . Secondary . | . . . Self-Inflicted Damage . | . . . Shots . | . . . Rammed . | . . . Targets Rammed . | . . . Kicked . | . . . Crushed . | . . . Highest Temperature 375 | . 100 375 Average Temperature 114 | . 38 146 Received Heat Transfer 396 | . 6 390 Siege Activations . | . . . Martial Activations . | . . . Shielding Activations . | . . . Robots Disrupted . | . . . Combat Hostiles . | . . . Robots Corrupted . | . . . Combat Hostiles . | . . . Parts Fried . | . . . Impact Corruptions . | . . . Robots Melted . | . . . Combat Hostiles . | . . . Parts Melted 2 | . 1 1 Heat Transferred 1221 | . 296 925 Parts Sabotaged . | . . . Parts Stolen . | . . . Parts Stripped . | . . . Power Chain Reactions . | . . . Alert | -11 -10 -9 ------- Run | Yrd Mat Mat Maximum Alert Level . | . . . Low Security (%) 100 | 100 100 100 Level 1 . | . . . Level 2 . | . . . Level 3 . | . . . Level 4 . | . . . Level 5 . | . . . High Security . | . . . Max Security . | . . . Peak Influence 100 | . 71 100 Initial 21 | . . 21 Average 29 | . 28 33 Influence Increases 428 | . 151 277 Destroy 0b10 Robot/C 300 | . 120 180 Destroy Leader 60 | . 20 40 Successful Hack 16 | . 11 5 Disable Machine 15 | . . 15 Destroy Structure 7 | . . 7 Lose Combat Pursuer 30 | . . 30 Influence Decreases 350 | . 100 250 Entered New Map 30 | . . 30 Time Decay 260 | . 100 160 Lost Part 60 | . . 60 Squads Dispatched 1 | . 1 . Investigation 1 | . 1 . Extermination . | . . . Reinforcement . | . . . Assault . | . . . Garrison . | . . . Intercept . | . . . Searches Triggered . | . . . Construction Impeded . | . . . Haulers Reinforced . | . . . Active Scanning Responses . | . . . Cargo Convoy Interrupts . | . . . Stealth | -11 -10 -9 --------- Run | Yrd Mat Mat Distress Signals 1 | . 1 . Communications Jammed . | . . . Distress Signals . | . . . Times Spotted 22 | . 8 14 Peak Tracking Total 4 | . 4 4 Tactical Retreats 2 | . . 2 Traps | -11 -10 -9 ------- Run | Yrd Mat Mat Traps Triggered 1 | . . 1 Indirectly . | . . . Trap Hack Attempts . | . . . Triggered . | . . . Disarmed . | . . . Reprogrammed . | . . . Reused . | . . . Traps Extracted . | . . . Installed . | . . . Triggered . | . . . Machines | -11 -10 -9 ---------- Run | Yrd Mat Mat Machines Disabled 1 | . . 1 Max in Single Turn 1 | . . 1 Machines Repaired . | . . . Machines Dismantled . | . . . Machines Sabotaged . | . . . Overloaded Fab Kills . | . . . Hacking | -11 -10 -9 --------- Run | Yrd Mat Mat Machines Accessed 5 | . 3 2 Terminals 3 | . 2 1 Fabricators . | . . . Repair Stations . | . . . Recycling Units 2 | . 1 1 Scanalyzers . | . . . Garrison Access . | . . . Total Hacks 16 | . 9 7 Successful 9 | . 5 4 Failed 7 | . 4 3 Catastrophic . | . . . Database Lockouts . | . . . Manual 2 | . 2 . Terminals 14 | . 8 6 Fabricators . | . . . Repair Stations . | . . . Recycling Units 2 | . 1 1 Scanalyzers . | . . . Garrison Access . | . . . Terminal Hacks 7 | . 4 3 Record 3 | . 3 . Prototype ID Bank 2 | . 1 1 Dispatch Records 1 | . . 1 Zone Layout 1 | . . 1 Fabricator Hacks . | . . . Repair Station Hacks . | . . . Recycling Unit Hacks 2 | . 1 1 Report Inventory 2 | . 1 1 Scanalyzer . | . . . Garrison Access Hacks . | . . . Unauthorized Hacks . | . . . Terminals . | . . . Fabricators . | . . . Repair Stations . | . . . Recycling Units . | . . . Scanalyzers . | . . . Garrison Access . | . . . Data Cores Recovered . | . . . Used . | . . . Hacking Detections 3 | . 2 1 Full Trace Events 1 | . 1 . Feedback Events . | . . . Feedback Blocked . | . . . Robot Schematics Acquired . | . . . Robots Built . | . . . Authchips . | . . . Time . | . . . Total Robot Build Rating . | . . . Part Schematics Acquired . | . . . Parts Built . | . . . Authchips . | . . . Time . | . . . Total Part Build Rating . | . . . Part Studies Acquired . | . . . Parts Repaired . | . . . Time . | . . . Parts Recycled . | . . . Recycled Matter . | . . . Retrieved Matter . | . . . Retrieved Components . | . . . Parts Scanalyzed . | . . . Part Schematics Acquired . | . . . Parts Damaged . | . . . Bothacking | -11 -10 -9 ------------ Run | Yrd Mat Mat Used RIF Installer . | . . . Robots Hacked . | . . . Non-combat . | . . . Combat . | . . . Robot Hacks Applied . | . . . Relay Couplers Released . | . . . Fabnet Peak Effective % . | . . . Robots Rewired . | . . . Allies Hacked . | . . . Hacks Repelled . | . . . Allies | -11 -10 -9 -------- Run | Yrd Mat Mat Total Allies . | . . . Largest Group . | . . . Highest-Rated Group . | . . . Highest-Rated Ally . | . . . Total Orders . | . . . Ally Attacks . | . . . Total Damage . | . . . Kills . | . . . Allies Corrupted . | . . . Allies Melted . | . . . Intel | -11 -10 -9 ------- Run | Yrd Mat Mat Active Infowar (turns) 59 | . . 59 Structural 59 | . . 59 Robot Analysis Total . | . . . Derelict Logs Recovered . | . . . Drone Launches . | . . . Drone Recoveries . | . . . Exploration | -11 -10 -9 ------------- Run | Yrd Mat Mat Turns Passed 780 | 57 266 457 Spaces Moved 378 | 43 161 174 Core 7 | 6 . 1 Treads . | . . . Legs 371 | 37 161 173 Wheels . | . . . Hover . | . . . Flight . | . . . Fastest Speed 50 | 50 120 120 Average Speed 142 | 113 120 170 Slowest Speed 300 | 120 120 300 Overloaded Moves . | . . . Propulsion Burnouts . | . . . Robots Hopped . | . . . Potential Cave-ins . | . . . Cave-ins Triggered . | . . . Exploration Rate (%) 16 | 5 28 16 Regions Visited 2 Branch Regions . Pre-discovered Areas . | . . . Known Exits Taken . | . . . Unknown Exits Taken 2 | 1 1 . Scrap Searched . | . . . Spaces Dug . | . . . Terrain Destroyed 7 | . . 7 Melee . | . . . Projectile . | . . . AOE 7 | . . 7 Terrain Rammed . | . . . Walls Destroyed . | . . . Machines Disabled . | . . . Actions | -11 -10 -9 --------- Run | Yrd Mat Mat Total 521 | 48 208 265 Wait 53 | . 28 25 Move 376 | 42 160 174 Hop . | . . . Pick Up 11 | . 6 5 Fast Attach 14 | 6 . 8 Attach 5 | . . 5 Detach . | . . . Swap 2 | . . 2 Drop 1 | . . 1 Fire 59 | . 14 45 Melee . | . . . Ram . | . . . Kick . | . . . Crush . | . . . Escape Stasis . | . . . Rewire . | . . . Trap . | . . . Miscellaneous . | . . . Route ------- -11/Scrapyard -10/Materials -9/Materials History --------- Turn | Location | Event 29 | -11/Scrapyard | Discovered new exit (range 15) 58 | -11/Scrapyard | Entered Materials 297 | -10/Materials | Discovered new exit (range 6) 306 | -10/Materials | Build established: Mutant 324 | -10/Materials | Entered another Materials area 324 | -9/Materials | Evolved 2 slots: Propulsion x1, Utility x1 429 | -9/Materials | Core integrity fell below 50% 459 | -9/Materials | Lost 7 parts (1p3n1u2w) 685 | -9/Materials | Core integrity fell below 20% 743 | -9/Materials | Lost 3 parts (1n1u1w) 763 | -9/Materials | Build established: Scavenger-Mutant 781 | -9/Materials | Destroyed by Y-45 Defender with Heavy Assault Rifle Last Messages --------------- 00656_ O-16 Technician: "IFF HANDSHAKE FAILED. SECURING TERMINAL." 00657_ R-06 Scavenger collects Flight Unit. 00658_ Acquired Lgt. Assault Rifle. 00664_ R-06 Scavenger collects Flight Unit. 00669_ R-06 Scavenger collects Lgt. Ion Engine. 00695_ Destroyed Flight Unit. 00697_ Aluminum Leg destroyed. 00699_ S-10 Pest destroyed. 00700_ Destroyed Flight Unit. 00702_ Critical hit (Destroy). 00702_ Adv. Beam Cannon destroyed. 00712_ Lgt. Armor Plating destroyed. 00717_ S-10 Pest destroyed. 00719_ R-06 Scavenger collects Lgt. Ion Engine. 00728_ S-10 Pest destroyed. 00731_ Acquired 10 matter. 00733_ Acquired 11 matter. 00735_ Acquired 15 matter. 00742_ Acquired Sml. Matter Pod. Map ----- +----------------------------------------------------+ | ????????????#####?????# ## ## # # | | ????????????#?????????# ## """ ## ] # # | | ????????????#?????????# ## """ ## # # | | ????????????#????????## ## """ ## # %+ | | ????????????#????????# # ## + # | | ????????????#????????# # """ ## # # | | ????????????#????????# " + """ ## # # | | ????????????#????????# # """ ## # | | ????????????#????????# *# ## + | | ????????????#????????## #####################/## | | ????????????#?????????# ######?????????# | | ????????????#?????????# "T ########### | | ????????????##????????# ^ ^% % + | | ???????????? #????????# ^ ########### | | ???????????? #????????#^ ^""" ""#???????# | | ???????????? #????????# """ Y"#???????# | | ?????????? ########## """ ""#???????# | | ?????????# a ###?####### | | ?????????# ! #???# ######### | | ?????????# ########## #???????? | | ?????????# ## # #???????? | | ?????????# ## ? #???????? | | ?????????# r ## # #???????? | | ?????????+ ########## ## # #???????? | | ???????????? #?# # ## # #???????? | | ???????????? #?# # @#######+####+###???????? | | ???????????? #?# + o ##??????? | | ???????????????# # ??????????? | | ???????????????# # ??????????? | | ???????????????# # #######??????????? | | ??????????????######## #????????????????? | | ??????????+ Y +????????????????? | | ??????????????####### ########????????????????? | | ????????????????????#####????????????????????????? | | ?????????????????????????????????????????????????? | | ?????????????????????????????????????????????????? | | ?????????????????????????????????????????????????? | | | | | | | | | | | | | | | | | | | | | | | | | | | +----------------------------------------------------+ Best States ------------- Heat Dissipation 28 Energy Generation 10 Energy Capacity 250 Matter Stores 300 Matter Capacity 350 Sight Range 16 Terrain Scan Density 10 Armor Coverage 150 Evasion (%) 55 Item Schematics ----------------- None Robot Schematics ------------------ None Fabricated ------------ Nothing Repaired ---------- Nothing Studied --------- None Alien Tech Used ----------------- None Achievements -------------- None Challenges ------------ None Game ------ Seed FlyingStrikeDisintegrator Manual? 0 Play Time 00:13:56 Cumulative 3.7 hours Start 2026.01.09 @ 09:01:36 End 2026.01.09 @ 09:13:34 Sessions 1 Manual Loads 0 Difficulty Rogue Special Mode None Game No. 5 Rogue 5 Adventurer 0 Explorer 0 Win Type - Total 0 Types 0/0/0/0/0/0/0/0/0/0 Lore% 0 Gallery% 6 Achievement% 7 Wizard Run 0 Options --------- Layout 1 ASCII 0 Keyboard 1 Movement Numpad Keybinds 0 Fullscreen 1 Font 32/SmallcapsGlow Map View 50x40 Zoom Use 0% Tactical HUD 1 Map Filters NONE Filters NONE Steam 1 RUN: 11cab1cd-6440-4efc-8ce5-8a9b41600ddc